 Dungeon Crawl Stone Soup version 0.28.0-53-g5a82cb258f (webtiles) character file.

Game seed: 9067290786927066813

6 jamesblauser the Grave Robber (level 1, 0/13 HPs)
             Began as a Demonspawn Necromancer on Nov 5, 2022.
             Slain by a ball python (2 damage)
             ... on level 1 of the Dungeon.
             The game lasted 00:03:40 (358 turns).

jamesblauser the Grave Robber (DsNe)                 Turns: 358, Time: 00:03:40

Health: 0/13       AC:  2    Str:  8    XL:     1   Next: 75%
Magic:  1/3        EV:  9    Int: 16    God:
Gold:   0          SH:  0    Dex: 13    Spells: 3/4 levels left

rFire   . . .      SeeInvis .   c - staff of cold
rCold   + . .      Faith    .   (no shield)
rNeg    . . .      Spirit   .   a - +0 robe
rPois   .          Reflect  .   (no helmet)
rElec   .          Harm     .   (no cloak)
rCorr   .          Rampage  .   (no gloves)
Will    .....                   (no boots)
Stlth   ++........              (no amulet)
HPRegen 0.04/turn               (no ring)
MPRegen 0.08/turn               (no ring)

@: constricted
A: no striking features
a: no special abilities


You were on level 1 of the Dungeon.
You visited 1 branch of the dungeon, and saw 1 of its levels.

Inventory:

Missiles
 b - 3 poisoned darts
Armour
 a - a +0 robe (worn)
Magical Staves
 c - a staff of cold (weapon)


   Skills:
 + Level 1.7 Dodging
 + Level 1.8 Stealth
 + Level 2.0 Spellcasting
 + Level 4.7 Necromancy


You had 3 spell levels left.
You knew the following spells:

 Your Spells              Type           Power      Damage    Failure   Level
a - Pain                  Necr           64%        1d7       3%          1

Your spell library contained the following spells:

 Spells                   Type           Power      Damage    Failure   Level
 Animate Skeleton         Necr           32%        N/A       3%          1
 Vampiric Draining        Necr           16%        2d7       9%          3
 Animate Dead             Necr           8%         N/A       30%         4
 Agony                    Necr           16%        N/A       63%         5


Dungeon Overview and Level Annotations

Branches:
Dungeon (1/15)

Altars:


Message History

The kobold shouts!
The kobold writhes in agony.
Aiming: Pain (safe; 3% risk of failure)
Press: ? - help, Q - select action, (/) - cycle Shift-Dir - straight line, f/p - kobold
Aim: a kobold, wielding a +0 dagger (severely wounded, chance to affect: 86%)
The kobold writhes in agony.
You kill the kobold!
A kobold comes into view. It is wielding a +0 dagger.
The kobold shouts!
A ball python comes into view.
Aiming: Pain (safe; 3% risk of failure)
Press: ? - help, Q - select action, (/) - cycle Shift-Dir - straight line, f - kobold
Aim: a kobold, wielding a +0 dagger (chance to affect: 86%)
The kobold writhes in agony.
The ball python hisses angrily.
An endoplasm comes into view.
Aiming: Pain (safe; 3% risk of failure)
Press: ? - help, Q - select action, (/) - cycle Shift-Dir - straight line, f/p - kobold
Aim: a kobold, wielding a +0 dagger (heavily wounded, chance to affect: 86%)
The kobold writhes in agony.
The kobold hits you with a +0 dagger. The kobold hits you with a +0 dagger.
Aiming: Pain (safe; 3% risk of failure)
Press: ? - help, Q - select action, (/) - cycle Shift-Dir - straight line, f/p - kobold
Aim: a kobold, wielding a +0 dagger (severely wounded, chance to affect: 86%)
The kobold barely resists.
The kobold hits you but does no damage. The ball python barely misses you.
The ball python closely misses you.
You barely miss the ball python. The ball python closely misses you.
The ball python barely misses you. The ball python bites you.
* * * LOW HITPOINT WARNING * * *
The ball python grabs you. The ball python constricts you.
The ball python barely misses you. The ball python constricts you.
You escape the ball python's grasp.
The ball python closely misses you. The ball python grabs you.
The ball python constricts you.
* * * LOW HITPOINT WARNING * * *
The ball python bites you.
You die...

.####### #...
♣...♣≈........ .
#..###≈≈.≈..##.###.
..#####....≈≈ .≈.≈≈.. #.
........≈≈..#..♣.#.. ##.
###......≈≈≈≈.≈..≈.#.##..
..........##≈≈..≈≈.#....#
###...#.#≈.≈..≈≈≈♣.#.##..
........@.≈≈≈.♣.≈≈...###.
###...###S###..###...###.
#......K# #..##.#.#.##.
#..####.# #............ #
#...# #.###.#)#.###
#.#.###.# ##...# ##
...#.....# ##...###. ...#
###.#####.###.#.. ##..
...# #.## #.#.


You could see a ball python and a kobold.

Vanquished Creatures
  A ball python (D:1)
  A frilled lizard (D:1)
  A goblin (D:1)
  3 kobolds (D:1)
  A rat (D:1)
7 creatures vanquished.

Notes
Turn   | Place    | Note
-------+----------+-------------------------------------------
     0 | D:1      | jamesblauser the Demonspawn Necromancer began the quest for
                  | the Orb.
     0 | D:1      | Reached XP level 1. HP: 13/13 MP: 3/3
   358 | D:1      | Slain by a ball python

Illustrated notes

Levels and vault maps discovered:
D:1:      onia_arrival_mini_maze, layout_loops_ring, serial_rivers,
          chequers_serial_rivers_large_b, chequers_serial_rivers_micro_c,
          chequers_serial_rivers_micro_b, chequers_serial_rivers_marsh,
          chequers_serial_rivers_micro_c, serial_shops,
          nicolae_shop_competitors_out_of_business,
          shapermc_ecumenical_altar_pompeii, minivault_19, minmay_pentomino_s4

Action                   || total
-------------------------++-------
Melee: Staff             ||     1
 Cast: Pain              ||    12
  Use: Scroll            ||     1
Armor: Robe              ||     1
Dodge: Dodged            ||     7
